cohdb
Replays
Latest Replays
All Replays
Popular Replays
Top Player Replays
Match Explorer
How It Works
Community
CoH3 Stats
Reddit
Sign in to upload your games and track your stats! →
Sign in with Steam
Match 43957409
Unlisted
Match 43957409
Overview
Messages
Build Orders
End
Construct Barracks
Selects Special Operations Battlegroup
Riflemen Squad
Riflemen Squad
Riflemen Squad
Grenade Package
Selects Smoke Screen
Construct Medical Station
Mechanized Support Center
M1918 Browning Automatic Rifles
Selects SSF Commando Squad
SSF Commando Squad
Engineer Squad
Construct Tank Depot
Selects M29 Weasel Recon Vehicle
vasointupido
Mad.Marco
Nukepapa
Fajolada
0
0
Comments
sign in to comment!
No comments posted yet!